 Dungeon Crawl Stone Soup version 0.21.1-1-g345015f (webtiles) character file.

808 odemus the Conjurer (level 7, -1/36 HPs)
             Began as a Deep Elf Conjurer on Apr 10, 2018.
             Was a Follower of Sif Muna.
             Slain by a black bear (7 damage)
             ... on level 6 of the Dungeon.
             The game lasted 00:48:28 (6446 turns).

odemus the Conjurer (Deep Elf Conjurer)             Turns: 6446, Time: 00:48:29

Health: -1/36      AC:  5    Str:  5    XL:     7   Next: 60%
Magic:  11/18      EV: 14    Int: 22    God:    Sif Muna [*.....]
Gold:   183        SH:  0    Dex: 15    Spells: 8/18 levels left

rFire    . . .     SeeInvis .   (no weapon)
rCold    . . .     Gourm    .   (no shield)
rNeg     . . .     Faith    .   a - +1 robe
rPois    .         Spirit   .   p - +1 hat {MR+}
rElec    .         Reflect  .   (no cloak)
rCorr    .         Harm     .   (no gloves)
MR       +....                  h - +0 pair of boots
Stlth    +++.......             (no amulet)
HPRegen  0.12/turn              (no ring)
MPRegen  0.16/turn              (no ring)

@: no status effects
A: no striking features
a: Divine Energy, Renounce Religion


You were on level 6 of the Dungeon.
You worshipped Sif Muna.
Sif Muna was aware of your devotion.
You were hungry.

You visited 2 branches of the dungeon, and saw 7 of its levels.

You collected 183 gold pieces.

Inventory:

Armour
 a - a +1 robe (worn)
 e - a +0 robe
 f - a +0 robe
 h - a +0 pair of boots (worn)
 i - a +0 robe
 p - a +1 hat of magic resistance (worn)
Wands
 k - a wand of iceblast (9)
 r - a wand of clouds (8)
Scrolls
 c - a scroll of amnesia {unknown}
 d - 2 scrolls of enchant weapon {unknown}
 g - 2 scrolls of identify
 o - 2 scrolls of remove curse
 s - a scroll of fog {unknown}
Potions
 l - 2 potions of haste
 m - a potion of invisibility {unknown}
 t - a potion of brilliance {unknown}
Books
 b - a book of Conjurations

   Spells                             Type                      Level
   a - Magic Dart                     Conjuration                  1
   b - Searing Ray                    Conjuration                  2
   c - Dazzling Spray                 Conjuration/Hexes            3
   d - Fulminant Prism                Conjuration/Hexes            4
   e - Force Lance                    Conjuration/Translocation    4
   f - Iskenderun's Mystic Blast      Conjuration                  4
 q - a book of Changes

   Spells                             Type                      Level
   a - Beastly Appendage              Transmutation                1
   b - Sticks to Snakes               Transmutation                2
   c - Spider Form                    Transmutation/Poison         3
   d - Ice Form                       Ice/Transmutation            4
   e - Blade Hands                    Transmutation                5
Comestibles
 j - 2 rations


   Skills:
 * Level 4.3 Dodging
 + Level 5.9 Stealth
 + Level 6.2 Spellcasting
 + Level 7.3 Conjurations


You had 8 spell levels left.
You knew the following spells:

 Your Spells              Type           Power        Failure   Level  Hunger
a - Magic Dart            Conj           ####         1%          1    None
b - Searing Ray           Conj           #####.       1%          2    None
c - Dazzling Spray        Conj/Hex       ###...       6%          3    #......
d - Fulminant Prism       Conj/Hex       ###.......   21%         4    ###....


Dungeon Overview and Level Annotations

Branches:
Dungeon (6/15)             Temple (1/1) D:4

Altars:
Ashenzari
Cheibriados
Dithmenos
Elyvilon
Fedhas
Hepliaklqana
Makhleb
Nemelex Xobeh
Okawaru
Qazlal
Ru
Sif Muna
Trog
Uskayaw
Vehumet
Wu Jian
Xom
Yredelemnul
Zin
The Shining One

Annotations:
D:5 bmj180's ghost, novice MiFi


Message History

The black bear claws you.
Casting: Searing Ray
Confirm with . or Enter, or press ? or * to list all spells.
Aiming: Searing Ray
Press: ? - help, Shift-Dir - straight line, f/p - black bear
Aim: a black bear (moderately wounded)
The searing ray hits the black bear.
The black bear is heavily wounded. (Press . to maintain the ray.)
The black bear closely misses you. The black bear claws you.
The black bear claws you but does no damage.
The searing ray hits the black bear.
The black bear is severely wounded.
The black bear closely misses you. The black bear claws you.
The black bear closely misses you.
You feel better.
The black bear goes berserk!
The black bear bites you! The black bear claws you.
* * * LOW HITPOINT WARNING * * *
The black bear claws you!
You die...

...................# #.....#
...................# #.....#
...................######.....#
............)......#....#.....#
######.............#....#.....#
######........#....#.....#
#........'....'.....#
#........#....#.....#
#.....@..######.....#
#.<...h..# ...#.....#
######'###....#.....#
#.............#.....#
#.............#.....#
#.............#.....#
#.########....#.....# #.......#
##+##.....#
........#.....###'#.###


You could see a black bear (berserk).

Vanquished Creatures
  2 phantoms
  A scorpion (D:4)
  A howler monkey (D:4)
  2 crimson imps
  A bullfrog zombie (D:6)
  A hound (D:4)
  A jelly (D:4)
  4 orc wizards
  An orc priest (D:3)
  3 worker ants
  6 adders
  An adder skeleton (D:5)
  3 worms
  2 dart slugs
  3 leopard geckos
  14 orcs
  2 giant cockroaches
  12 hobgoblins
  12 jackals
  5 kobolds
  A quokka (D:5)
  7 bats
  2 frilled lizards
  6 goblins
  A quokka skeleton (D:4)
  5 rats
99 creatures vanquished.

Vanquished Creatures (others)
  3 fulminant prisms (D:3)
3 creatures vanquished.

Grand Total: 102 creatures vanquished

Notes
Turn   | Place    | Note
-------+----------+-------------------------------------------
     0 | D:1      | odemus the Deep Elf Conjurer began the quest for the Orb.
     0 | D:1      | Reached XP level 1. HP: 10/10 MP: 6/6
   724 | D:1      | Reached XP level 2. HP: 15/15 MP: 6/8
  1715 | D:2      | Learned a level 2 spell: Searing Ray
  1791 | D:2      | Reached skill level 5 in Conjurations
  1791 | D:2      | Reached XP level 3. HP: 15/19 MP: 0/10
  2129 | D:2      | Found a hazy altar of Hepliaklqana.
  2132 | D:2      | You fall through a shaft for 2 floors!
  2211 | D:4      | Reached XP level 4. HP: 11/24 MP: 2/11
  2541 | D:4      | Found a staircase to the Ecumenical Temple.
  2552 | Temple   | Entered the Ecumenical Temple
  2614 | Temple   | Became a worshipper of Sif Muna the Loreminder
  3081 | D:3      | Reached XP level 5. HP: 28/28 MP: 11/13
  3106 | D:3      | Learned a level 3 spell: Dazzling Spray
  3265 | D:3      | Reached skill level 6 in Conjurations
  3271 | D:3      | Learned a level 4 spell: Fulminant Prism
  3944 | D:3      | Reached * piety under Sif Muna
  4250 | D:3      | Noticed a phantom
  4276 | D:3      | Killed a phantom
  4276 | D:3      | Reached skill level 5 in Spellcasting
  4276 | D:3      | Reached XP level 6. HP: 13/32 MP: 1/15
  4385 | D:3      | Found a sacrificial altar of Ru.
  4552 | D:2      | Found a stormy altar of Qazlal.
  4672 | D:2      | Found a glowing silver altar of Zin.
  5040 | D:5      | Entered Level 5 of the Dungeon
  5071 | D:5      | Noticed bmj180's ghost (novice MiFi)
  5205 | D:4      | Reached skill level 5 in Stealth
  5206 | D:4      | Found a basalt altar of Yredelemnul.
  5279 | D:4      | Reached skill level 7 in Conjurations
  5321 | D:4      | Reached XP level 7. HP: 36/36 MP: 12/17
  5578 | D:5      | Found a blossoming altar of Fedhas.
  6446 | D:6      | Slain by a black bear

Skill      XL: |  1  2  3  4  5  6  7 |
---------------+----------------------+-----
Stealth        | 3 4 5 |  5.9
Conjurations   | 5 6 7 |  7.3
Spellcasting   | 4 5 6 |  6.2
Dodging        | 3 4 |  4.3

Action                   |  1- 3 |  4- 6 |  7- 9 || total
-------------------------+-------+-------+-------++-------
 Cast: Magic Dart        |    55 |    75 |    33 ||   163
       Searing Ray       |     4 |    19 |    12 ||    35
       Fulminant Prism   |       |     3 |       ||     3
Evoke: Wand              |       |       |     1 ||     1
  Use: Scroll            |       |     5 |     3 ||     8
       Potion            |       |       |     2 ||     2
  Eat: Ration            |     1 |     3 |     1 ||     5
Armor: Robe              |     4 |    10 |    11 ||    25
Dodge: Dodged            |    17 |    36 |    32 ||    85
